 Dungeon Crawl Stone Soup version 0.22-a0-246-gdc04c06 (webtiles) character file.

6 Amnesiac the Charlatan (level 1, 0/9 HPs)
             Began as a Spriggan Artificer on Feb 22, 2018.
             Killed from afar by a dart slug (5 damage)
             ... with a slug dart
             ... on level 1 of the Dungeon.
             The game lasted 00:00:28 (323 turns).

Amnesiac the Charlatan (Spriggan Artificer)          Turns: 323, Time: 00:00:29

Health: 0/9        AC:  2    Str:  8    XL:     1   Next: 75%
Magic:  4/4        EV: 18    Int: 12    God:
Gold:   23         SH:  0    Dex: 16    Spells: 0/0 levels left

rFire    . . .     SeeInvis +   a - +0 short sword
rCold    . . .     Gourm    .   (shield restricted)
rNeg     . . .     Faith    .   b - +0 robe
rPois    .         Spirit   .   (helmet restricted)
rElec    .         Reflect  .   (no cloak)
rCorr    .         Harm     .   (gloves unavailable)
MR       .....                  (boots unavailable)
Stlth    ++........             (no amulet)
HPRegen  0.03/turn              (no ring)
MPRegen  0.09/turn              (no ring)

@: very quick
A: very small, unfitting armour, see invisible, herbivore, speed 3, slow
metabolism 2
a: no special abilities


You were on level 1 of the Dungeon.
You were not hungry.

You visited 1 branch of the dungeon, and saw 1 of its levels.

You collected 23 gold pieces.

Inventory:

Hand Weapons
 a - a +0 short sword (weapon)
Armour
 b - a +0 robe (worn)
Wands
 c - a wand of flame (15)
 d - a wand of enslavement (15)
 e - a wand of random effects (15)
Comestibles
 f - a ration


   Skills:
 + Level 0.8 Fighting
 + Level 1.3 Short Blades
 + Level 3.1 Dodging
 + Level 1.8 Stealth
 * Level 4.2 Evocations


You couldn't memorise any spells.
You didn't know any spells.

Dungeon Overview and Level Annotations

Branches:
Dungeon (1/15)

Altars:


Innate Abilities, Weirdness & Mutations

You are very small and have problems with some larger weapons.
You are too small for most types of armour.
You have supernaturally acute eyesight. (SInv)
You are a herbivore.
You cover ground extremely quickly.
You need consume almost no food.


Message History

The bat misses you. The bat completely misses you.
You hit the bat.
You kill the bat!
No target in view!
You see here a bat corpse.
No target in view!
No target in view!
You start resting.
HP restored.
You now have 13 gold pieces.
You open the door.
There is an open door here.
A kobold comes into view. It is wielding a short sword.
A kobold is nearby!
A kobold is nearby!
The kobold shouts!
You barely miss the kobold. The kobold hits you with a short sword.
You hit the kobold.
You kill the kobold!
Things that are here:
a short sword; a kobold corpse
Things that are here:
a short sword; a kobold corpse
Found a short sword.
A hobgoblin comes into view.
Found 10 gold pieces.
A hobgoblin is nearby!
You hit the hobgoblin but do no damage. The hobgoblin hits you.
You closely miss the hobgoblin. The hobgoblin completely misses you.
You hit the hobgoblin but do no damage. The hobgoblin barely misses you.
You hit the hobgoblin.
The hobgoblin is almost dead.
The hobgoblin barely misses you.
You closely miss the hobgoblin.
The hobgoblin is almost dead.
The hobgoblin closely misses you.
You hit the hobgoblin but do no damage.
The hobgoblin is almost dead.
The hobgoblin hits you but does no damage.
You hit the hobgoblin.
You kill the hobgoblin!
You see here a hobgoblin corpse.
You now have 23 gold pieces (gained 10).
You start resting.
HP restored.
You see here a hobgoblin corpse.
You see here a kobold corpse.
Found a stone staircase leading down.
Found a stone staircase leading down.
A dart slug comes into view.
A goblin comes into view. It is wielding a club.
The goblin shouts!
You hit the dart slug.
The dart slug is lightly wounded.
The dart slug launches a dart at you. The slug dart hits you!
You hit the dart slug but do no damage.
The dart slug is lightly wounded.
You hit the dart slug.
The dart slug is moderately wounded.
The dart slug launches a dart at you. The slug dart hits you!
Ouch! That really hurt!
You die...

##.≈≈≈≈≈. ..#
#.#.#.#.# #.#
##.#.#.#. .# #.#
#.#.#.#.# ..
##.## ##.#.#.#.
.##.##...##
#.###..##
..........#
#.....##
...g....w#
#.##### #@#
######.#
#.###.###.....>#
#...>.....######
#####.##### #.#
..# ##.# #.# #.#


You could see a dart slug and a goblin.

Vanquished Creatures
  A hobgoblin (D:1)
  2 kobolds (D:1)
  A bat (D:1)
  2 frilled lizards (D:1)
  A goblin (D:1)
7 creatures vanquished.

Notes
Turn   | Place    | Note
-------+----------+-------------------------------------------
     0 | D:1      | Amnesiac the Spriggan Artificer began the quest for the Orb.
     0 | D:1      | Reached XP level 1. HP: 9/9 MP: 4/4
   323 | D:1      | Killed from afar by a dart slug

Vault maps used:
D:1:      ncdulo_watergridlock, tso_altar

Action                   || total
-------------------------++-------
Melee: Short sword       ||    22
Armor: Robe              ||     2
Dodge: Dodged            ||    11

Table legend:
 A = Spawn XP
 B = Non-spawn XP
 C = Spawn XP percentage of total XP
 D = Spawn monster count
 E = Non-spawn monster count
 F = Spawn count percentage of total count
 G = Total turns spent on level
                    A         B        C        D         E        F      G
               +---------+---------+-------+---------+---------+-------+---------
         Total |       0 |       9 |   0.0 |       0 |       7 |   0.0 |   323
               +---------+---------+-------+---------+---------+-------+---------
           D:1 |       0 |       9 |   0.0 |       0 |       7 |   0.0 |   323
               +---------+---------+-------+---------+---------+-------+---------
